 Dungeon Crawl Stone Soup version 0.18-a0-717-g59c076b (webtiles) character file.

102 Proton the Skirmisher (level 4, -3/42 HPs)
             Began as a Naga Fighter on Dec 8, 2015.
             Slain by a centaur (7 damage)
             ... on level 3 of the Dungeon.
             The game lasted 00:03:25 (1823 turns).

Proton the Skirmisher (Naga Fighter)                Turns: 1823, Time: 00:03:26

Health: -3/42      AC: 15    Str: 24    XL:     4   Next: 78%
Magic:  4/4        EV:  1    Int:  8    God:
Gold:   98         SH:  9    Dex: 10    Spells: 0 memorised, 3 levels left

rFire  . . .     SeeInvis +     a - +0 flail
rCold  . . .     Clarity  .     v - +0 plate armour
rNeg   . . .     SustAt   .     c - +0 shield
rPois  +         Gourm    .     i - +2 helmet
rElec  .         Spirit   .     (no cloak)
rCorr  .         Dismiss  .     (no gloves)
rMut   .         Stasis   .     g - +0 naga barding
MR     .....                    f - amulet of faith
Stlth  ..........               t - +4 ring of strength
                                l - ring of wizardry

@: very slow, not resistant to hostile enchantments, extremely unstealthy
A: see invisible, deformed body, poison resistance, slowness 2, slow metabolism
1, spit poison 2, AC +1
a: Spit Poison


You were on level 3 of the Dungeon.
You were not hungry.

You visited 1 branch of the dungeon, and saw 3 of its levels.

You collected 98 gold pieces.

Inventory:

Hand Weapons
 a - a +0 flail (weapon)
Armour
 b - a +0 scale mail
 c - a +0 shield (worn)
 g - a +0 naga barding (worn)
 i - a +2 helmet (worn)
 v - a +0 plate armour (worn)
Jewellery
 f - an amulet of faith (around neck)
 l - a ring of wizardry (left hand)
 t - a +4 ring of strength (right hand)
Wands
 m - a wand of fireball (3)
Scrolls
 e - 2 scrolls of recharging {unknown}
 h - 2 scrolls of fear {unknown}
 j - a scroll of amnesia {unknown}
 o - 4 scrolls of remove curse {unknown}
 q - a scroll of fog {unknown}
 r - a scroll of identify {unknown}
 s - a scroll of enchant armour {unknown}
 u - a scroll of teleportation {unknown}
Potions
 d - a potion of might
 k - 3 potions of curing {unknown}
 n - 2 potions of flight {unknown}


   Skills:
 + Level 3.5 Fighting
 + Level 2.7 Maces & Flails
 + Level 2.9 Armour
 + Level 1.3 Dodging
 + Level 2.9 Shields


You had 3 spell levels left.
You didn't know any spells.

Dungeon Overview and Level Annotations

Branches:
Dungeon (3/15)

Altars:
Gozag
Makhleb
Pakellas


Innate Abilities, Weirdness & Mutations

You cannot wear boots.
Your serpentine skin is tough (AC +1).
You have supernaturally acute eyesight.
Armour fits poorly on your strangely shaped body.
Your system is resistant to poisons.
You cover ground very slowly.
You have a slow metabolism.
You can spit poison.


Message History

The centaur hits you but does no damage.
You block the centaur's attack.
You barely miss the centaur.
The centaur is severely wounded.
The centaur hits you but does no damage.
You block the centaur's attack.
You hit the centaur but do no damage.
The centaur is severely wounded.
The centaur hits you but does no damage. x2
You hit the centaur.
The centaur is almost dead.
The centaur hits you.
* * * LOW HITPOINT WARNING * * *
The centaur hits you but does no damage.
Your plate armour prevents you from hitting the centaur.
The centaur is almost dead.
You have got your breath back.
The centaur hits you but does no damage.
The centaur hits you!
You die...

####### ##.....##
#.#...#.#
#######.#...#.#
........(###..#####
#########.(#...#.....###
......c@((.#._.#.....'..
#####.###..#...#.....###
# #...###......#
#....#.......#
#...###......#
...#..#.......#
...##.........# #.#
.........#


You could see a centaur.

Vanquished Creatures
  Terence (D:2)
  2 adders
  An ooze (D:2)
  3 worms (D:2)
  A giant gecko (D:1)
  A ball python (D:3)
  6 bats
  2 giant cockroaches
  4 hobgoblins
  8 kobolds
  2 quokkas (D:2)
  3 giant newts
  6 goblins
  4 rats
44 creatures vanquished.

Notes
Turn   | Place    | Note
--------------------------------------------------------------
     0 | D:1      | Proton the Naga Fighter began the quest for the Orb.
     0 | D:1      | Reached XP level 1. HP: 21/21 MP: 1/1
   123 | D:1      | Reached XP level 2. HP: 17/28 MP: 2/2
   854 | D:2      | Noticed Terence
   874 | D:2      | Killed Terence
   874 | D:2      | Reached skill level 1 in Dodging
   874 | D:2      | Reached XP level 3. HP: 30/34 MP: 3/3
  1028 | D:2      | Reached XP level 4. HP: 42/42 MP: 4/4
  1120 | D:2      | Found an opulent altar of Gozag.
  1508 | D:2      | Found a burning altar of Makhleb.
  1508 | D:2      | Noticed a blizzard demon
  1796 | D:3      | Found an oddly glowing altar of Pakellas.
  1801 | D:3      | Noticed a centaur
  1823 | D:3      | Slain by a centaur

Vault maps used:
D:1:      eino_arrival_cavern_b, minmay_crystal_water
D:2:      makhleb_altar_promises_db, nicolae_gozag_seed_capital, uniq_terence
D:3:      first_bread, grunt_pakellas_mercury

Action                   |  1- 3 |  4- 6 || total
-------------------------+-------+-------++-------
Melee: Flail             |   120 |    78 ||   198
 Abil: Spit Poison       |     1 |     3 ||     4
  Eat: Bread ration      |       |     1 ||     1
